 Dungeon Crawl Stone Soup version 0.21.1-1-g345015fe64 (webtiles) character file.

533 DildoBatman the Sneak (level 7, 0/54 HPs)
             Began as a Formicid Wizard on May 28, 2018.
             Was an Initiate of Kikubaaqudgha.
             Succumbed to a scorpion's poison
             ... on level 4 of the Dungeon.
             The game lasted 00:16:04 (5195 turns).

DildoBatman the Sneak (Formicid Wizard)             Turns: 5195, Time: 00:16:05

Health: 0/54       AC:  4    Str: 12    XL:     7   Next: 49%
Magic:  0/11       EV: 11    Int: 19    God:    Kikubaaqudgha [......]
Gold:   259        SH:  4    Dex:  9    Spells: 6/12 levels left

rFire    + . .     SeeInvis +   a - +0 halberd
rCold    . . .     Gourm    .   (no shield)
rNeg     . . .     Faith    .   p - +0 leather armour (curse)
rPois    .         Spirit   .   (helmet unavailable)
rElec    .         Reflect  +   f - +0 cloak
rCorr    .         Harm     .   (no gloves)
MR       .....                  (no boots)
Stlth    +++.......             C - +4 amulet of reflection
HPRegen  0.18/turn              e - ring of stealth
MPRegen  0.12/turn              w - ring of protection from fire

@: lethally poisoned (0 -> -17), flying
A: permanent stasis, dig shafts and tunnels, four strong arms, antennae 3
a: Dig, Shaft Self, Renounce Religion


You were on level 4 of the Dungeon.
You worshipped Kikubaaqudgha.
Kikubaaqudgha was noncommittal.
You were not hungry.

You visited 2 branches of the dungeon, and saw 5 of its levels.

You collected 259 gold pieces.

Inventory:

Hand Weapons
 a - a +0 halberd (weapon)
Missiles
 h - 83 stones (quivered)
 r - 26 bolts
 s - 34 sling bullets
 u - 15 poisoned needles
 z - 76 arrows
 G - 5 tomahawks
Armour
 f - a +0 cloak (worn)
 p - a cursed +0 leather armour (worn)
 q - a +0 ring mail
Jewellery
 e - a ring of stealth (left hand)
 w - a ring of protection from fire (right hand)
 C - a +4 amulet of reflection (around neck)
Wands
 H - a wand of paralysis (12)
Scrolls
 c - 3 scrolls of remove curse {unknown}
 d - a scroll of amnesia {unknown}
 k - 2 scrolls of enchant weapon {unknown}
 t - 5 scrolls of identify {unknown}
 x - a scroll of noise {unknown}
 y - a scroll of immolation {unknown}
 A - a scroll of fog {unknown}
 D - a scroll of random uselessness {unknown}
 F - a scroll of teleportation {unknown}
Potions
 i - a potion of resistance {unknown}
 j - a potion of flight
 l - 2 potions of brilliance {unknown}
 m - a potion of agility {unknown}
 n - a potion of degeneration {unknown}
 o - a potion of curing {unknown}
 B - a potion of cancellation {unknown}
Books
 b - a book of Minor Magic

   Spells                             Type                      Level
   a - Magic Dart                     Conjuration                  1
   b - Blink                          Translocation                2
   c - Call Imp                       Summoning                    2
   d - Slow                           Hexes                        2
   e - Conjure Flame                  Conjuration/Fire             3
   f - Mephitic Cloud                 Conjuration/Poison/Air       3
Comestibles
 g - a chunk of flesh
 v - 8 rations


   Skills:
 - Level 4.0 Fighting
 * Level 1.3 Polearms
 - Level 3.0 Armour
 - Level 2.0 Dodging
 - Level 4.0 Stealth
 - Level 3.2 Spellcasting
 - Level 2.0 Conjurations
 * Level 1.2 Hexes
   Level 1.0 Summonings
   Level 0.8 Translocations
 * Level 0.8 Air Magic
 * Level 1.3 Poison Magic
 * Level 3.1 Evocations


You had 6 spell levels left.
You knew the following spells:

 Your Spells              Type           Power        Failure   Level  Hunger
a - Slow                  Hex            #.......     17%         2    ##.....
b - Mephitic Cloud        Conj/Pois/Air  #.......     32%         3    ###....
c - Magic Dart            Conj           ##..         9%          1    None


Dungeon Overview and Level Annotations

Branches:
Dungeon (4/15)             Temple (1/1) D:4

Altars:
Ashenzari
Dithmenos
Elyvilon
Fedhas
Gozag
Hepliaklqana
Kikubaaqudgha
Nemelex Xobeh
Qazlal
Ru
Sif Muna
Trog
Uskayaw
Wu Jian
Yredelemnul
Zin
The Shining One

Annotations:
D:3 tensugalgo's ghost, amateur BaCK
D:4 exclusion: worker ant


Innate Abilities, Weirdness & Mutations

You cannot be hasted, slowed, berserked, paralysed or teleported.
You can dig through walls and to a lower floor.
Your four strong arms can wield two-handed weapons with a shield.
You have a pair of large antennae on your head. (SInv)


Message History

Aiming: Paralyse
Press: ? - help, Shift-Dir - straight line, f/p - scorpion
Aim: a scorpion (severely wounded, chance to defeat MR: 54%)
The scorpion suddenly stops moving!
You feel sick.
The helpless scorpion fails to defend itself.
You hit the scorpion but do no damage.
The scorpion is severely wounded.
You feel very sick.
The helpless scorpion fails to defend itself.
You slash the scorpion!
You kill the scorpion!
Kikubaaqudgha accepts your kill.
Your Hexes skill increases to level 1!
You feel very sick.
It was a potion of flight.
You feel very buoyant.
You fly up into the air.
You die...
Kikubaaqudgha rasps: "You have failed me!
Welcome... death!"

#. ####.##≈≈≈o
#.#.#########....#..♣{
..#...............#
#................#
#..........#.....######
#..........#.......#...
#.........#.........#
#.....†...###.....##
##....@....###......#
..............#...#..#
.##..............###.##
#..........##.......##
######.###.....##.....
#.# ##.....###... #.##
#..##.#####. #..#
#..##..# ## ##.#
#..###.#####


There were no monsters in sight!

Vanquished Creatures
  A bullfrog (D:4)
  A scorpion (D:4)
  An orc priest (D:3)
  A bullfrog skeleton (D:4)
  2 orc wizards
  Natasha (thrice) (D:3)
  A worker ant (D:4)
  3 gnolls (D:4)
  8 adders
  An ooze (D:1)
  2 dart slugs
  4 worms
  4 leopard geckos
  9 orcs
  A ball python (D:1)
  3 giant cockroaches
  10 goblins
  15 hobgoblins
  3 jackals (D:4)
  A quokka (D:4)
  7 bats
  A frilled lizard (D:4)
  7 kobolds
  6 rats
95 creatures vanquished.

Notes
Turn   | Place    | Note
-------+----------+-------------------------------------------
     0 | D:1      | DildoBatman the Formicid Wizard began the quest for the Orb.
     0 | D:1      | Reached XP level 1. HP: 13/13 MP: 4/4
    31 | D:1      | Reached skill level 1 in Conjurations
   212 | D:1      | Reached skill level 1 in Fighting
   212 | D:1      | Reached XP level 2. HP: 21/21 MP: 4/6
   509 | D:1      | Reached XP level 3. HP: 25/27 MP: 0/7
  1267 | D:2      | Found a glowing silver altar of Zin.
  1267 | D:2      | Found a hide-covered altar of Uskayaw.
  1267 | D:2      | Found a basalt altar of Yredelemnul.
  1304 | D:2      | Reached XP level 4. HP: 34/34 MP: 5/8
  1397 | D:2      | Found a shadowy altar of Dithmenos.
  1495 | D:2      | Noticed an ice beast
  2167 | D:3      | Noticed tensugalgo's ghost (amateur BaCK)
  2331 | D:3      | Reached skill level 1 in Armour
  2432 | D:3      | Reached XP level 5. HP: 41/41 MP: 2/9
  3513 | D:3      | Reached XP level 6. HP: 42/47 MP: 4/10
  3657 | D:3      | Noticed Natasha
  3683 | D:3      | Killed Natasha
  3802 | D:3      | Noticed Natasha
  3809 | D:3      | Killed Natasha
  3809 | D:3      | Reached skill level 1 in Evocations
  3887 | D:3      | Noticed Natasha
  3910 | D:3      | Killed Natasha
  4430 | D:4      | Reached XP level 7. HP: 39/54 MP: 4/11
  4688 | D:4      | Found a staircase to the Ecumenical Temple.
  4697 | Temple   | Entered the Ecumenical Temple
  4763 | Temple   | Became a worshipper of Kikubaaqudgha
  4856 | D:4      | Learned a level 2 spell: Slow
  4860 | D:4      | Learned a level 3 spell: Mephitic Cloud
  4885 | D:4      | Reached skill level 1 in Polearms
  4998 | D:3      | Reached skill level 1 in Poison Magic
  5194 | D:4      | Reached skill level 1 in Hexes
  5194 | D:4      | HP: 1/54 [poisoned by a scorpion]
  5195 | D:4      | Succumbed to a scorpion's poison

Skill      XL: |  1  2  3  4  5  6  7 |
---------------+----------------------+-----
Conjurations   | 1 2 |  2.0
Fighting       | 1 2 3 4 |  4.0
Dodging        | 2 |  2.0
Armour         | 1 2 3 |  3.0
Stealth        | 4 |  4.0
Evocations     | 2 3 |  3.1
Polearms       | 1 |  1.3
Poison Magic   | 1 |  1.3
Hexes          | 1 |  1.2
Spellcasting   | |  3.2
Summonings     | |  1.0
Translocations | |  0.8
Air Magic      | |  0.8

Action                   |  1- 3 |  4- 6 |  7- 9 || total
-------------------------+-------+-------+-------++-------
Melee: Club              |    25 |    18 |       ||    43
       Falchion          |       |    68 |       ||    68
       Halberd           |       |       |    22 ||    22
 Cast: Magic Dart        |    71 |   196 |    59 ||   326
 Abil: Dig               |       |    11 |       ||    11
Evoke: Wand              |       |       |     2 ||     2
  Use: Potion            |       |       |     1 ||     1
 Stab: Distracted        |       |     1 |       ||     1
       Paralysed         |       |       |     2 ||     2
  Eat: Chunk             |     1 |    11 |     3 ||    15
Armor: Robe              |     7 |       |       ||     7
       Leather armour    |       |    30 |    15 ||    45
Dodge: Dodged            |    33 |    89 |    26 ||   148
Block: Other             |       |    30 |    11 ||    41
       Rpst.: Falchion   |       |    18 |       ||    18
